 Dungeon Crawl Stone Soup version 0.18-a0-670-g393520a (webtiles) character file.

177 Proton the Shield-Bearer (level 5, -5/42 HPs)
             Began as a Formicid Fighter on Dec 6, 2015.
             Slain by Eustachio
             ... wielding a +0 rapier
              (6 damage)
             ... on level 4 of the Dungeon.
             The game lasted 00:05:39 (3806 turns).

Proton the Shield-Bearer (Formicid Fighter)         Turns: 3806, Time: 00:05:39

Health: -5/42      AC:  9    Str: 22      XL:     5   Next: 88%
Magic:  5/5        EV:  6    Int:  7      God:
Gold:   263        SH:  9    Dex:  9 (10) Spells: 0 memorised, 4 levels left

rFire  . . .     SeeInvis +     a - +0 war axe
rCold  . . .     Clarity  .     z - +0 chain mail
rNeg   . . .     SustAt   .     c - +0 shield
rPois  .         Gourm    .     (helmet unavailable)
rElec  .         Spirit   .     (no cloak)
rCorr  .         Dismiss  .     (no gloves)
rMut   .         Stasis   +     (no boots)
MR     .....                    (no amulet)
Stlth  ..........               (no ring)
                                (no ring)

@: not resistant to hostile enchantments, extremely unstealthy
A: permanent stasis, dig shafts and tunnels, four strong arms, antennae 3
a: Dig, Shaft Self


You were on level 4 of the Dungeon.
You were not hungry.

You visited 1 branch of the dungeon, and saw 5 of its levels.

You collected 263 gold pieces.

Inventory:

Hand Weapons
 a - a +0 war axe (weapon)
Armour
 c - a +0 shield (worn)
 z - a +0 chain mail (worn)
Wands
 y - a wand of random effects (20)
Scrolls
 e - a scroll of recharging {unknown}
 f - a scroll of enchant armour {unknown}
 h - 3 scrolls of identify {unknown}
 j - a scroll of magic mapping {unknown}
 k - a scroll of fear {unknown}
 l - 5 scrolls of enchant weapon {unknown}
 m - a scroll of immolation {unknown}
 p - a scroll of blinking {unknown}
 t - a scroll of random uselessness {unknown}
 v - a scroll of remove curse {unknown}
 w - a scroll of amnesia {unknown}
 x - 2 scrolls of noise {unknown}
Potions
 d - a potion of might
 g - a potion of curing {unknown}
 i - a potion of cure mutation {unknown}
 n - a potion of brilliance {unknown}
 o - a potion of resistance {unknown}
 r - a potion of haste {unknown}
 s - a potion of degeneration {unknown}
 u - a potion of lignification {unknown}
Comestibles
 q - 4 bread rations


   Skills:
 + Level 4.2 Fighting
 * Level 3.8 Axes
 + Level 3.8 Armour
 + Level 4.8 Shields


You had 4 spell levels left.
You didn't know any spells.

Dungeon Overview and Level Annotations

Branches:
Dungeon (5/15)
 Temple: D:4-7

Altars:
Gozag
Nemelex Xobeh

Shops:
D:4 }

Annotations:
D:4 Eustachio


Innate Abilities, Weirdness & Mutations

You are under a permanent stasis effect.
You can dig through walls and to a lower floor.
Your four strong arms can wield two-handed weapons with a shield.
You have a pair of large antennae on your head (SInv).


Message History

You kill the ufetubus!
You closely miss the white imp. You block Eustachio's attack.
You block the white imp's attack. You block the rat's attack.
The shadow imp hits you but does no damage.
The white imp barely misses you.
You barely miss Eustachio.
Eustachio is almost dead.
You slash the white imp!
The white imp is almost dead.
You barely miss the shadow imp. You hit the rat.
You kill the rat!
The rat's corpse disappears in a puff of smoke!
You closely miss the quokka. Eustachio barely misses you.
The quokka barely misses you. The white imp gestures at you.
The puff of frost hits you!
* * * LOW HITPOINT WARNING * * *
The shadow imp barely misses you. You block the quokka's attack.
Eustachio hits you with a rapier.
You die...

### ### #.######
#<#
#......####.#######
#.####......#55...#
#.##########.@###.#
#...........@r§.#.#
#############.#.#.#
#.#.#'####
#.#..5...#
#........#
#############.....#
+.................#
############.#'####


You could see Eustachio, a white imp, a shadow imp and a quokka.

Vanquished Creatures
  An iguana (D:4)
  Natasha (thrice) (D:4)
  5 adders
  2 worms
  3 orcs (D:3)
  6 bats
  4 giant cockroaches
  6 goblins
  5 hobgoblins
  4 jackals (D:4)
  8 kobolds
  6 giant geckos
  5 giant newts
  5 rats
63 creatures vanquished.

Notes
Turn   | Place    | Note
--------------------------------------------------------------
     0 | D:1      | Proton the Formicid Fighter began the quest for the Orb.
     0 | D:1      | Reached XP level 1. HP: 18/18 MP: 1/1
   532 | D:1      | Reached XP level 2. HP: 24/24 MP: 2/2
  1020 | D:2      | Found a sparkling altar of Nemelex Xobeh.
  1066 | D:2      | Reached XP level 3. HP: 21/29 MP: 3/3
  1173 | D:2      | Reached skill level 4 in Shields
  1455 | D:2      | Reached XP level 4. HP: 18/37 MP: 4/4
  2084 | D:3      | Found an opulent altar of Gozag.
  2806 | D:3      | Reached XP level 5. HP: 34/42 MP: 5/5
  2854 | D:4      | Noticed Natasha
  2863 | D:4      | Killed Natasha
  3207 | D:4      | Noticed Natasha
  3222 | D:4      | Killed Natasha
  3242 | D:4      | Noticed Natasha
  3243 | D:5      | Entered Level 5 of the Dungeon
  3470 | D:4      | Killed Natasha
  3525 | D:4      | Found Lexzagg's Gadget Shoppe.
  3542 | D:4      | Noticed Eustachio
  3806 | D:4      | HP: 1/42 [white imp/puff of frost[Eustachio] (7)]
  3806 | D:4      | Slain by Eustachio

Vault maps used:
D:1:      erik_arrival_triangle_small, glass_columns_b, nrook_uturn
D:2:      minmay_door_path, nemelex_spade_bored_becter
D:3:      grunt_gozag_breadcrumbs
D:4:      kennysheep_mini, lemuel_round_altar, minmay_temple_entry_large_hall,
          serial_shops, nicolae_shop_waterfront, first_bread, uniq_natasha,
          uniq_eustachio, uniq_sigmund
D:5:      uniq_menkaure, uniq_pikel

Action                   |  1- 3 |  4- 6 || total
-------------------------+-------+-------++-------
Melee: War axe           |   124 |   172 ||   296
 Abil: Dig               |       |     1 ||     1
  Eat: Bread ration      |     1 |       ||     1
       Meat ration       |       |     1 ||     1
